 Dungeon Crawl Stone Soup version 0.17.2-1-ge4368a0 (webtiles) character file.

25 tidbits the Changer (level 2, -1/22 HPs)
             Began as a Demigod Transmuter on Sept 22, 2017.
             Killed from afar by Natasha (6 damage)
             ... with a magic dart
             ... on level 3 of the Dungeon.
             The game lasted 00:03:11 (390 turns).

tidbits the Changer (Demigod Transmuter)             Turns: 390, Time: 00:03:11

Health: -1/22      AC:  2    Str: 13    XL:     2   Next: 63%
Magic:  4/7        EV: 18    Int: 17    God:
Gold:   37         SH:  0    Dex: 21    Spells: 2 memorised, 2 levels left

rFire  . . .     SeeInvis .     a - +0 mace (drain)
rCold  . . .     Clarity  .     b - +0 robe
rNeg   . . .     SustAt   +     (no shield)
rPois  .         Gourm    .     (no helmet)
rElec  .         Spirit   .     (no cloak)
rCorr  .         Warding  .     (no gloves)
rMut   .         Stasis   .     (no boots)
MR     .....                    (no amulet)
Stlth  +++.......               (no ring)
                                (no ring)

@: agile, slowed, very slow, not resistant to hostile enchantments, fairly
stealthy
A: high mp 1, sustain attributes
a: no special abilities


You were on level 3 of the Dungeon.
You were not hungry.

You visited 1 branch of the dungeon, and saw 3 of its levels.

You collected 37 gold pieces.

Inventory:

Hand Weapons
 a - a +0 mace of draining (weapon)
   (You found it on level 1 of the Dungeon)
Missiles
 e - 9 arrows
 g - 20 stones (quivered)
Armour
 b - a +0 robe (worn)
Scrolls
 f - a scroll of remove curse {unknown}
 i - a scroll of teleportation {unknown}
 l - a scroll of amnesia {unknown}
 m - a scroll of random uselessness {unknown}
Potions
 k - a potion of brilliance {unknown}
Books
 c - a book of Changes

   Spells                             Type                      Level
   a - Beastly Appendage              Transmutation                1
   b - Sticks to Snakes               Transmutation                2
   c - Spider Form                    Transmutation/Poison         3
   d - Ice Form                       Ice/Transmutation            4
   e - Blade Hands                    Transmutation                5
Comestibles
 d - 2 bread rations
 j - a meat ration


   Skills:
 - Level 0.8 Fighting
 - Level 1.7 Dodging
 - Level 2.6 Unarmed Combat
 - Level 2.1 Spellcasting
 + Level 2.7 Transmutations


You had 2 spell levels left.
You knew the following spells:

 Your Spells              Type           Power        Failure   Level  Hunger
e - Beastly Appendage     Trmt           ##....       10%         1    #......
k - Sticks to Snakes      Trmt           ##........   12%         2    ###....


Dungeon Overview and Level Annotations

Branches:
Dungeon (3/15)

Annotations:
D:3 Natasha


Innate Abilities, Weirdness & Mutations

You have an increased reservoir of magic (+10% MP).
Your attributes are resistant to harm.


Message History

The bat closely misses you.
You hit the bat but do no damage. Your kick misses the bat.
Your talons disappear.
The bat hits you. The bat closely misses you.
You barely miss the bat. The bat barely misses you.
You hit the bat.
You kill the bat!
Found a short sword.
Your magical contamination has completely faded away.
You open the door.
There is an open door here.
You hear the slow rusting of a very distant drain.
You open the door.
Found 3 gold pieces.
Found an opulent altar of Gozag.
Found 2 gold pieces.
Found a glowing silver altar of Zin.
There is an open door here.
You now have 33 gold pieces (gained 1).
You now have 35 gold pieces (gained 2).
You now have 36 gold pieces (gained 1).
You now have 37 gold pieces (gained 1).
There is an open door here.
You open the door.
A giant newt comes into view.
Found a club.
There is an open door here.
The helpless giant newt fails to defend itself.
You hit the giant newt.
You kill the giant newt!
You see here a giant newt corpse.
You hear the slow rusting of a very distant drain.
Found a stone staircase leading down.
A goblin comes into view.
The goblin shouts!
Found a scroll labeled ECZIOT BEODEU.
You see here a scroll labeled ECZIOT BEODEU.
You open the door.
m - a scroll labeled ECZIOT BEODEU The goblin hits you but does no damage.
You hit the goblin.
The goblin is heavily wounded.
The goblin barely misses you.
You barely miss the goblin.
The goblin is heavily wounded.
The goblin barely misses you. The goblin closely misses you.
You sock the goblin!
You kill the goblin!
There is an open door here.
Found a shattered altar of Ashenzari.
There is an open door here.
A quokka and a kobold come into view.
Casting: Sticks to Snakes
Confirm with . or Enter, or press ? or * to list all spells.
You grow a pair of large bovine horns.
Casting: Beastly Appendage
Confirm with . or Enter, or press ? or * to list all spells.
You create a snake!
The kobold shouts!
You miss the quokka. Your headbutt misses the quokka.
You hear the slow rusting of a distant drain.
The quokka closely misses you.
Your ball python closely misses the quokka. x2
The quokka bites you.
You hit the quokka.
You kill the quokka!
You barely miss the kobold. You headbutt the kobold.
You kill the kobold!
Things that are here:
a dagger; a kobold corpse
Found a bread ration.
Your transformation is almost over.
d - 2 bread rations (gained 1)
There are no items here.
Natasha, Servant of Life and Death comes into view.
Natasha hisses angrily.
Casting: Sticks to Snakes
Confirm with . or Enter, or press ? or * to list all spells.
You create a snake!
Natasha mumbles some strange words.
Natasha stares at you and mumbles some strange words.
The magic dart hits you!
* * * LOW HITPOINT WARNING * * *
Drink which item? (? for menu, Esc to quit)
It was a potion of agility.
You feel agile all of a sudden.
Your horns disappear.
Natasha claws you.
* * * LOW HITPOINT WARNING * * *
Your ball python misses Natasha.
Your ball python closely misses Natasha.
Found 13 gold pieces.
You barely miss Natasha. Natasha casts a spell at you.
You feel yourself slow down.
Your ball python misses Natasha.
Your ball python grabs Natasha.
Your ball python constricts Natasha.
Your ball python bites Natasha but does no damage.
The crimson imp closely misses you.
Natasha stares at you and mumbles some strange words.
The magic dart hits you!
You die...

.......#...............
........#........##.....
........#........##.....
................# .....
..........#....###+#...
#+##.......#............
$......S...#......).....
......hS...#.........#..
....#5@.....#......###'
. ##......#.....##...
##.....#....##..##
##....#...##...##
##...#..##......
##..#.##......#
######.......#
.#...#.......#
##._.#######.#


You could see Natasha, a crimson imp and 2 friendly ball pythons.

Vanquished Creatures
  An adder (D:2)
  3 hobgoblins
  2 quokkas (D:3)
  A bat (D:3)
  A giant cockroach (D:3)
  A giant newt (D:3)
  2 goblins
  3 kobolds
  2 rats
16 creatures vanquished.

Notes
Turn   | Place    | Note
--------------------------------------------------------------
     0 | D:1      | tidbits the Demigod Transmuter began the quest for the Orb.
     0 | D:1      | Reached XP level 1. HP: 15/15 MP: 5/5
    99 | D:1      | Reached skill level 2 in Transmutations
   122 | D:2      | Reached skill level 2 in Spellcasting
   122 | D:2      | Reached XP level 2. HP: 22/22 MP: 4/7
   126 | D:2      | Learned a level 2 spell: Sticks to Snakes
   284 | D:3      | Found an opulent altar of Gozag.
   285 | D:3      | Found a glowing silver altar of Zin.
   356 | D:3      | Found a shattered altar of Ashenzari.
   385 | D:3      | Noticed Natasha
   390 | D:3      | Killed from afar by Natasha

Action                   || total
-------------------------++-------
Melee: Mace              ||    34
       Unarmed           ||     2
 Cast: Beastly Appendage ||     9
       Sticks to Snakes  ||     3
  Use: Potion            ||     1
 Stab: Sleeping          ||     2

Table legend:
 A = Turns spent in this place as a percentage of turns spent in the entire game.
 B = Non-inter-level travel turns spent in this place as a percentage of non-inter-level travel turns spent in the entire game.
 C = Inter-level travel turns spent in this place as a percentage of turns spent in this place.
 D = Turns resting spent in this place as a percentage of non-inter-level travel turns spent in this place.
 E = Turns spent auto-exploring this place as a percentage of non-inter-level travel turns spent in this place.
 F = Non-inter-level travel turns spent in this place divided by the number of levels of this place that you've seen.
                   A       B       C       D       E      F
               +-------+-------+-------+-------+-------+----------------------
         Total | 100.0 | 100.0 |   0.0 |   0.0 |   0.0 | 128.0
       Dungeon | 100.0 | 100.0 |   0.0 |   0.0 |   0.0 | 128.0
               +-------+-------+-------+-------+-------+----------------------

Table legend:
 A = Kills in this place as a percentage of kills in entire the game.
 B = Kills by you in this place as a percentage of kills by you in the entire game.
 C = Kills by friends in this place as a percentage of kills by friends in the entire game.
 D = Other kills in this place as a percentage of other kills in the entire game.
 E = Experience gained in this place as a percentage of experience gained in the entire game.
 F = Experience gained in this place divided by the number of levels of this place that you have seen.
                   A       B       C       D       E      F
               +-------+-------+-------+-------+-------+----------------------
         Total | 100.0 | 100.0 |  -nan |  -nan | 100.0 |  12.0
       Dungeon | 100.0 | 100.0 |  -nan |  -nan | 100.0 |  12.0
               +-------+-------+-------+-------+-------+----------------------

Vault maps used:
D:1:      dpeg_arrival_chambers_temple_mockup, amethyst_killhole,
          xom_teletrap_fun
D:2:      hex_tiny
D:3:      grunt_temple_overflow_gold_and_silver, nicolae_ashenzari_panopticon,
          gup_sewer_entry_bowl, uniq_natasha
